 Dungeon Crawl Stone Soup version 0.17-a0-2098-gf59d6bc (webtiles) character file.

1238 Geeful the Grappler (level 8, -2/58 HPs)
             Began as a Human Wanderer on Oct 17, 2015.
             Was an Initiate of Makhleb.
             Killed from afar by an orc wizard (5 damage)
             ... with a magic dart
             ... on level 5 of the Dungeon.
             The game lasted 00:17:40 (5421 turns).

Geeful the Grappler (Human Wanderer)                Turns: 5421, Time: 00:17:40

Health: -2/58      AC:  9    Str: 14    XL:     8   Next: 78%
Magic:  9/9        EV: 10    Int: 14    God:    Makhleb [......]
Gold:   261        SH:  0    Dex: 12    Spells: 0 memorised, 7 levels left

rFire  . . .     SeeInvis .       - Unarmed
rCold  . . .     Clarity  .     s - +0 ring mail
rNeg   . . .     SustAt   .     (no shield)
rPois  .         Gourm    .     (helmet restricted)
rElec  .         Spirit   .     u - +1 cloak
rCorr  .         Warding  .     (no gloves)
rMut   .         Stasis   .     (no boots)
MR     +....                    (no amulet)
Stlth  +.........               (no ring)
                                h - ring of protection from magic

@: lethally poisoned (-2 -> -3), about to teleport, somewhat resistant to
hostile enchantments, very unstealthy
A: horns 1, slimy green scales 1, breathe flames 1
a: Renounce Religion, Breathe Fire


You were on level 5 of the Dungeon.
You worshipped Makhleb.
Makhleb was noncommittal.
You were hungry.

You visited 2 branches of the dungeon, and saw 6 of its levels.

You collected 261 gold pieces.

Inventory:

Hand Weapons
 b - a +0 blowgun
Missiles
 t - 13 poisoned needles
Armour
 s - a +0 ring mail (worn)
 u - a +1 cloak (worn)
Jewellery
 e - an uncursed ring of fire
 h - a ring of protection from magic (left hand)
 k - an uncursed ring of magical power
Wands
 f - a wand of draining (1)
 v - a wand of heal wounds (0)
Scrolls
 a - 4 scrolls of identify
 c - 2 scrolls of teleportation
 i - a scroll of enchant armour
 q - 3 scrolls of remove curse
 r - 2 scrolls of fog
Potions
 w - a potion of flight
 x - a potion of magic
Comestibles
 d - 4 bread rations
 g - a chunk of flesh
 j - 3 fruits
 m - 3 meat rations


   Skills:
 - Level 3.0 Fighting
   Level 1.0 Axes
   Level 1.0 Staves
 - Level 3.0 Armour
   Level 2.0 Shields
 + Level 9.6 Unarmed Combat
 + Level 2.1 Invocations


You had 7 spell levels left.
You didn't know any spells.

Dungeon Overview and Level Annotations

Branches:
Dungeon (5/15)             Temple (1/1) D:5

Altars:
Dithmenos
Elyvilon
Fedhas
Kikubaaqudgha
Makhleb
Nemelex Xobeh
Qazlal
Vehumet
Xom
Yredelemnul
The Shining One


Innate Abilities, Weirdness & Mutations

You have a pair of small horns on your head.
You are partially covered in slimy green scales (AC +2).
You can breathe flames.


Message History

You barely miss the orc. The orc hits you but does no damage.
The iguana bites you but does no damage.
Drink which item? (? for menu, Esc to quit)
Okay, then.
Read which item? (? for menu, Esc to quit)
As you read the scroll of teleportation, it crumbles to dust.
You feel strangely unstable.
You feel sick. The iguana misses you. The orc barely misses you.
Evoke which item? (* to show all) (? for menu, Esc to quit)
Zapping:
f - a wand of draining (2)
Press: ? - help, Shift-Dir - straight line, f - iguana
Aim: an iguana (lightly wounded)
The bolt of negative energy hits the iguana.
The iguana is drained!
You kill the iguana!
Makhleb accepts your kill.
This wand has 1 charge left.
A magic dart appears from out of thin air!
The magic dart hits you!
You die...

# ######## .......#
.......# #########
.......# #.o@†{..#
..!....# #.#####.#
..#'##########.# ?
..#.#
#.....#S##....
..#.####..........#
..#.#..........#.$#
.P...P.....P...#S.#
P..PP.≈≈.....c## o#
.....≈≈≈≈≈.....# .o


You could see an orc.

Vanquished Creatures
  The ghost of chequers the Cruncher, a novice MiGl of Okawaru (D:5)
  A water moccasin (D:5)
  A phantom (D:4)
  A centaur (D:3)
  3 scorpions (D:4)
  A hound (D:5)
  An orc wizard (D:5)
  Crazy Yiuf (D:3)
  3 iguanas
  A worker ant (D:3)
  8 adders
  2 oozes
  7 worms
  7 giant geckos
  10 orcs
  5 bats
  6 hobgoblins
  4 jackals (D:2)
  11 kobolds
  A ball python (D:1)
  A giant cockroach (D:2)
  4 giant newts
  5 goblins
  5 rats
90 creatures vanquished.

Vanquished Creatures (others)
  A ball python skeleton (D:5)
1 creature vanquished.

Grand Total: 91 creatures vanquished

Notes
Turn   | Place    | Note
--------------------------------------------------------------
     0 | D:1      | Geeful the Human Wanderer began the quest for the Orb.
     0 | D:1      | Geeful set off with: a +2 hand axe, a +0 ring mail, a scroll of teleportation, a bread ration
     0 | D:1      | Reached XP level 1. HP: 18/18 MP: 1/1
    92 | D:1      | Reached skill level 1 in Unarmed Combat
   156 | D:1      | Reached XP level 2. HP: 24/24 MP: 2/2
   690 | D:1      | Reached XP level 3. HP: 26/29 MP: 3/3
  1513 | D:2      | Reached XP level 4. HP: 19/35 MP: 4/4
  2210 | D:2      | Found a shimmering altar of Xom.
  2378 | D:2      | Reached skill level 4 in Unarmed Combat
  2971 | D:3      | Noticed Crazy Yiuf
  2992 | D:3      | Killed Crazy Yiuf
  2992 | D:3      | Reached XP level 5. HP: 41/41 MP: 5/5
  3153 | D:3      | Noticed a centaur
  3170 | D:3      | Killed a centaur
  3170 | D:3      | Reached skill level 5 in Unarmed Combat
  3170 | D:3      | Reached XP level 6. HP: 25/47 MP: 6/6
  3392 | D:3      | Gained mutation: You are partially covered in slimy green scales (AC +2). [potion of mutation]
  3392 | D:3      | Gained mutation: You have a pair of small horns on your head. [potion of mutation]
  3392 | D:3      | Gained mutation: You can breathe flames. [potion of mutation]
  3796 | D:4      | Reached skill level 6 in Unarmed Combat
  4310 | D:4      | Reached XP level 7. HP: 49/52 MP: 7/7
  4605 | D:4      | Reached skill level 7 in Unarmed Combat
  4806 | D:5      | Entered Level 5 of the Dungeon
  4872 | D:5      | Found a glowing golden altar of the Shining One.
  4885 | D:5      | Found a basalt altar of Yredelemnul.
  4906 | D:5      | Found a staircase to the Ecumenical Temple.
  4912 | D:5      | Noticed chequers's ghost (novice MiGl)
  4986 | D:5      | Killed chequers's ghost
  4986 | D:5      | Reached skill level 9 in Unarmed Combat
  4986 | D:5      | Reached XP level 8. HP: 43/58 MP: 8/8
  4993 | Temple   | Entered the Ecumenical Temple
  5001 | Temple   | Became a worshipper of Makhleb the Destroyer
  5407 | D:5      | Reached skill level 1 in Invocations
  5421 | D:5      | Killed from afar by an orc wizard

Vault maps used:
D:1:      minmay_arrival_stair_chambers
D:2:      nicolae_overflow_crystal_walls
D:3:      kennysheep_six_static_rooms, uniq_crazy_yiuf_cottage
D:4:      feat_on_display
D:5:      grunt_temple_overflow_holy_war, minmay_temple_entry_statues,
          first_bread, guppyfry_early_lair_pool
Temple:   nicolae_temple_no_exploring_needed

Action                   |  1- 3 |  4- 6 |  7- 9 || total
-------------------------+-------+-------+-------++-------
Melee: Unarmed           |   214 |   231 |    97 ||   542
 Fire: Blowgun           |       |    12 |       ||    12
Evoke: Wand              |       |       |     1 ||     1
  Use: Scroll            |     3 |     8 |     2 ||    13
       Potion            |     3 |     8 |     1 ||    12
  Eat: Chunk             |     2 |    10 |     3 ||    15
